 Dungeon Crawl Stone Soup version 0.22-a0-467-g5c5de1cb09 (webtiles) character file.

208 Foic the Ruffian (level 5, -6/53 HPs)
             Began as a Troll Fighter on June 10, 2018.
             Splashed by a jelly's acid (10 damage)
             ... on level 3 of the Dungeon.
             The game lasted 00:10:46 (2209 turns).

Foic the Ruffian (Troll Fighter)                    Turns: 2209, Time: 00:10:48

Health: -6/53      AC: -7    Str: 25    XL:     5   Next: 55%
Magic:  4/4        EV:  8    Int:  4    God:
Gold:   165        SH:  9    Dex:  9    Spells: 4/4 levels left

rFire    . . .     SeeInvis .     - Unarmed
rCold    . . .     Gourm    +   b - +0 shield
rNeg     . . .     Faith    .   a - +0 robe
rPois    .         Spirit   .   (helmet restricted)
rElec    .         Reflect  .   (no cloak)
rCorr    .         Harm     .   (gloves unavailable)
MR       .....                  (boots unavailable)
Stlth    +.........             (no amulet)
HPRegen  0.57/turn              (no ring)
MPRegen  0.09/turn              (no ring)

@: corroded
A: large, unfitting armour, claws 3, fast metabolism 3, gourmand, regeneration
1, shaggy fur 1, tough skin 2
a: no special abilities


You were on level 3 of the Dungeon.
You were completely stuffed.

You visited 1 branch of the dungeon, and saw 4 of its levels.

You collected 165 gold pieces.

Inventory:

Missiles
 e - 139 stones (quivered)
Armour
 a - a +0 robe (worn)
 b - a +0 shield (worn)
Scrolls
 g - 4 scrolls of identify
 h - 3 scrolls of teleportation
 k - a scroll of enchant weapon {unknown}
 n - a scroll of magic mapping {unknown}
 o - a scroll of random uselessness {unknown}
Potions
 c - 2 potions of might
 f - 2 potions of agility {unknown}
 i - a potion of flight {unknown}
 l - a potion of lignification {unknown}
 m - a potion of curing {unknown}
 p - a potion of mutation {unknown}
Comestibles
 d - 7 rations


   Skills:
 + Level 3.0 Fighting
 + Level 3.2 Dodging
 + Level 0.3 Stealth
 + Level 3.1 Shields
 + Level 4.0 Unarmed Combat


You had 4 spell levels left.
You didn't know any spells.
Your spell library was empty.

Dungeon Overview and Level Annotations

Branches:
Dungeon (4/15)
 Temple: D:4-7

Altars:
Cheibriados
Kikubaaqudgha
Nemelex Xobeh
Sif Muna
Vehumet
Xom
The Shining One


Innate Abilities, Weirdness & Mutations

You are too large for most types of armour.
You have claws for hands.
Your metabolism is lightning-fast.
You like to eat raw meat.
Your natural rate of healing is unusually fast.
You are covered in fur. (AC +1)
You have very tough skin. (AC +2)


Message History

* * * LOW HITPOINT WARNING * * *
The jelly is moderately wounded.
The jelly barely misses you.
You see here a kobold corpse.
You claw the jelly!
Your claws burn!
* * * LOW HITPOINT WARNING * * *
The jelly is almost dead.
The jelly closely misses you.
You scratch the jelly but do no damage.
Your claws burn!
* * * LOW HITPOINT WARNING * * *
The jelly is almost dead.
You block the jelly's attack.
There is an open door here.
You scratch the jelly but do no damage. The acid corrodes you!
Your claws burn!
* * * LOW HITPOINT WARNING * * *
The jelly is almost dead.
The jelly hits you.
* * * LOW HITPOINT WARNING * * *
You are splashed with acid!
The acid burns!
You die...

#....[..# #....... #... #.<.#####
####.... #....# ##### #######
#.... #....# ##########...÷..#
#....
#....#####......##'...PP÷###....
#....#.##.......#.#JJ....##.....
#......'.......[#J#PJPP÷P##.....
#....'........#†#..J...##.#...
#...'......#@#J#..P..P##.....
#.))##.....#J#.#÷.....##....#
#†)####....#J#.#P..P.P##.....
#####..# #######J##...÷.(##.....
#...#..############ #.....
.......##......#### ###.....
.......##...[.....##### #.......
....<...#####.##......####.......
.........................(......>


You could see a jelly and 2 oozes.

Vanquished Creatures
  A jelly (D:3)
  Terence (D:2)
  A worker ant (D:4)
  4 adders
  2 oozes (D:3)
  A worm (D:2)
  2 dart slugs
  2 leopard geckos
  2 orcs (D:3)
  3 giant cockroaches
  8 goblins
  8 hobgoblins
  7 jackals
  14 kobolds
  2 quokkas
  6 bats
  4 frilled lizards
  A quokka skeleton (D:4)
  7 rats
76 creatures vanquished.

Vanquished Creatures (others)
  A fungus (D:3)
  5 toadstools (D:3)
6 creatures vanquished.

Grand Total: 82 creatures vanquished

Notes
Turn   | Place    | Note
-------+----------+-------------------------------------------
     0 | D:1      | Foic the Troll Fighter began the quest for the Orb.
     0 | D:1      | Reached XP level 1. HP: 22/22 MP: 0/0
   165 | D:1      | Found a radiant altar of Vehumet.
   168 | D:1      | Found a shimmering altar of Xom.
   168 | D:1      | Found a glowing golden altar of the Shining One.
   170 | D:1      | Found an ancient bone altar of Kikubaaqudgha.
   170 | D:1      | Found a glowing golden altar of the Shining One.
   170 | D:1      | Found a deep blue altar of Sif Muna.
   303 | D:1      | Reached XP level 2. HP: 29/29 MP: 1/1
   908 | D:2      | Reached XP level 3. HP: 36/36 MP: 2/2
   930 | D:2      | Noticed Terence
   946 | D:2      | Killed Terence
   956 | D:2      | Found an ancient bone altar of Kikubaaqudgha.
  1050 | D:2      | Reached XP level 4. HP: 40/44 MP: 3/3
  1112 | D:2      | Reached skill level 3 in Unarmed Combat
  1408 | D:2      | Found a sparkling altar of Nemelex Xobeh.
  1798 | D:3      | Reached XP level 5. HP: 44/52 MP: 4/4
  1869 | D:3      | Found a snail-covered altar of Cheibriados.
  1935 | D:3      | Found a radiant altar of Vehumet.
  2194 | D:3      | Reached skill level 4 in Unarmed Combat
  2209 | D:3      | Splashed by a jelly's acid

Vault maps used:
D:1:      dpeg_arrival_boxes_within_box, doesnt_xom_only_xom
D:2:      nemelex_altar_shiori, kiku_gazebo_pond_becter, skrybe_limestone_x,
          uniq_terence
D:3:      cheibrodos_fertilizer, vehumet_crystals,
          nicolae_overflow_crystal_walls
D:4:      kennysheep_mini_moat, first_ration, serial_bayou_pond_e

Skill      XL: |  1  2  3  4  5 |
---------------+----------------+-----
Unarmed Combat | 3 4 |  4.0
Dodging        | 3 |  3.2
Shields        | 3 |  3.1
Fighting       | 3 |  3.0
Stealth        | |  0.3

Action                   |  1- 3 |  4- 6 || total
-------------------------+-------+-------++-------
Melee: Unarmed           |    73 |   126 ||   199
  Use: Scroll            |     4 |     3 ||     7
       Potion            |     1 |     1 ||     2
 Stab: Sleeping          |     1 |       ||     1
  Eat: Chunk             |    15 |    11 ||    26
Armor: Robe              |    14 |    33 ||    47
Dodge: Dodged            |    19 |    42 ||    61
Block: Shield            |    23 |    77 ||   100

Table legend:
 A = Spawn XP
 B = Non-spawn XP
 C = Spawn XP percentage of total XP
 D = Spawn monster count
 E = Non-spawn monster count
 F = Spawn count percentage of total count
 G = Total turns spent on level
                    A         B        C        D         E        F      G
               +---------+---------+-------+---------+---------+-------+---------
         Total |       0 |     298 |   0.0 |       0 |      76 |   0.0 |  2209
               +---------+---------+-------+---------+---------+-------+---------
           D:1 |       0 |      27 |   0.0 |       0 |      17 |   0.0 |   821
           D:2 |       0 |     105 |   0.0 |       0 |      25 |   0.0 |   675
           D:3 |       0 |     128 |   0.0 |       0 |      30 |   0.0 |   552
           D:4 |       0 |      38 |   0.0 |       0 |       4 |   0.0 |   161
               +---------+---------+-------+---------+---------+-------+---------
